 Dungeon Crawl Stone Soup version 0.20-a0-1017-gc3250ce (webtiles) character file.

89 Monsterracer the Digger (level 4, 0/36 HPs)
             Began as a Deep Dwarf Earth Elementalist on Apr 17, 2017.
             Killed by nerve-wracking pain
             ... invoked by an orc priest
              (10 damage)
             ... on level 3 of the Dungeon.
             The game lasted 00:08:33 (2302 turns).

Monsterracer the Digger (DDEE)                      Turns: 2302, Time: 00:08:34

Health: 0/36       AC:  3    Str: 11    XL:     4   Next: 31%
Magic:  1/7        EV: 13    Int: 17    God:
Gold:   46         SH:  0    Dex: 17    Spells: 3/7 levels left

rFire    . . .     SeeInvis .   h - +0 hand axe
rCold    . . .     Gourm    .   (no shield)
rNeg     . . .     Faith    .   c - +0 robe
rPois    .         Spirit   .   (no helmet)
rElec    .         Reflect  .   o - +0 cloak
rCorr    .         Harm     .   (no gloves)
MR       .....                  (no boots)
Stlth    ++........             (no amulet)
Regen    0.0/turn               a - +4 ring of dexterity
MPRegen  0.1/turn               (no ring)

@: very slightly contaminated, non-regenerating
A: damage resistance, heal wounds, sense surroundings 1, no regeneration
a: Heal Wounds


You were on level 3 of the Dungeon.
You were very hungry.

You visited 1 branch of the dungeon, and saw 3 of its levels.

You collected 46 gold pieces.

Inventory:

Hand Weapons
 h - a +0 hand axe (weapon)
Missiles
 b - 20 stones (quivered)
Armour
 c - a +0 robe (worn)
 o - a +0 cloak (worn)
Jewellery
 a - a +4 ring of dexterity (left hand)
Scrolls
 f - a scroll of remove curse {unknown}
 g - a scroll of enchant weapon {unknown}
 i - 2 scrolls of identify {unknown}
 j - 2 scrolls of fear {unknown}
 k - a scroll of recharging {unknown}
 l - 2 scrolls of fog {unknown}
 m - a scroll of enchant armour {unknown}
 n - a scroll of amnesia {unknown}
Books
 e - a book of Geomancy

   Spells                             Type                      Level
   a - Sandblast                      Earth                        1
   b - Passwall                       Transmutation/Earth          2
   c - Stone Arrow                    Conjuration/Earth            3
   d - Petrify                        Transmutation/Earth          4
   e - Lee's Rapid Deconstruction     Earth                        5
Comestibles
 d - 2 bread rations


   Skills:
 * Level 1.9 Axes
 - Level 2.1 Dodging
 - Level 2.4 Stealth
 + Level 2.2 Spellcasting
 + Level 0.6 Conjurations
   Level 0.8 Transmutations
 * Level 5.7 Earth Magic


You had 3 spell levels left.
You knew the following spells:

 Your Spells              Type           Power        Failure   Level  Hunger
a - Sandblast             Erth           ###...       1%          1    #......
b - Stone Arrow           Conj/Erth      ##....       17%         3    ###....


Dungeon Overview and Level Annotations

Branches:
Dungeon (3/15)

Altars:


Innate Abilities, Weirdness & Mutations

You are resistant to damage.
You can heal yourself by infusing magical energy.
You passively map a small area around you.
You do not regenerate.


Message History

The orc priest is severely wounded.
The orc priest hits you with a vampiric falchion!
The orc priest draws strength from your wounds!
You hit the orc priest.
The orc priest is heavily wounded.
The orc priest hits you with a vampiric falchion.
The orc priest draws strength from your wounds!
You hit the orc priest.
The orc priest is heavily wounded.
The orc priest hits you with a vampiric falchion.
You hit the orc priest.
The orc priest is severely wounded.
The orc priest hits you with a vampiric falchion.
* * * LOW HITPOINT WARNING * * *
The orc priest draws strength from your wounds!
You hit the orc priest.
The orc priest is severely wounded.
The orc priest invokes the aid of Beogh against you.
Pain shoots through your body!
You die...

* #.#.# *
#.#.# *#.#.#
* ..#.######
*,#......#
#o...#.# *
#.##รท#.# *
#.##.#.# *
#.##@#.#
,#.##o#.###
*,#.##.....#
* , ,,
#.......##
** ####.#.<#
######


You could see an orc priest.

Vanquished Creatures
  An adder (D:3)
  An ooze (D:1)
  2 worms
  3 dart slugs
  2 leopard geckos (D:2)
  4 orcs
  5 giant cockroaches
  6 goblins
  2 hobgoblins (D:1)
  10 jackals
  6 bats
  4 frilled lizards
  2 kobolds (D:1)
  7 rats
55 creatures vanquished.

Notes
Turn   | Place    | Note
-------+----------+-------------------------------------------
     0 | D:1      | Monsterracer the Deep Dwarf Earth Elementalist began the quest for the Orb.
     0 | D:1      | Reached XP level 1. HP: 15/15 MP: 3/3
   269 | D:1      | Reached XP level 2. HP: 20/22 MP: 2/4
   580 | D:1      | Reached skill level 5 in Earth Magic
   635 | D:1      | Reached XP level 3. HP: 27/28 MP: 4/6
   659 | D:1      | Learned a level 3 spell: Stone Arrow
  1551 | D:2      | Reached skill level 1 in Axes
  2088 | D:3      | Reached XP level 4. HP: 19/36 MP: 3/7
  2302 | D:3      | Killed from afar by an orc priest

Vault maps used:
D:1:      lordsloth_arrival_two_stooges, st_stairs_7
D:2:      minmay_misc_feat_four_crosses, grunt_ministairs_1,
          serial_park_tiny_pond, minmay_fountain_box
D:3:      cheibrodos_old_hovel, nicolae_overflow_hidden_temple, first_bread,
          minmay_unequal

Skill      XL: |  1  2  3 |
---------------+----------+-----
Spellcasting   | 2 |  2.2
Earth Magic    | 5 |  5.7
Axes           | 1 |  1.9
Dodging        | |  2.1
Stealth        | |  2.4
Conjurations   | |  0.6
Transmutations | |  0.8

Action                   |  1- 3 |  4- 6 || total
-------------------------+-------+-------++-------
Melee: Hand axe          |    93 |    11 ||   104
 Cast: Sandblast         |    33 |     7 ||    40
       Stone Arrow       |     3 |     4 ||     7
 Abil: Heal Wounds       |     1 |     2 ||     3
  Use: Potion            |     3 |       ||     3
 Stab: Sleeping          |     2 |       ||     2
  Eat: Chunk             |     5 |       ||     5
Armor: Robe              |    23 |       ||    23
Dodge: Dodged            |    83 |     7 ||    90
